 Dungeon Crawl Stone Soup version 0.30-a0-613-gdd512c7efb (webtiles) character file.

Game seed: 11006768527950226647

2940 wormed the Sneak (level 9, 0/81 HPs)
             Began as a Naga Gladiator on Jan 9, 2023.
             Was a High Priest of Cheibriados.
             Slain by a two-headed ogre
             ... wielding a +0 giant spiked club
              (8 damage)
             ... on level 8 of the Dungeon.
             The game lasted 00:11:47 (7875 turns).

wormed the Sneak (Naga Gladiator)                   Turns: 7875, Time: 00:11:48

Health: 0/81       AC: 13    Str: 29    XL:     9   Next: 80%
Magic:  9/9        EV: 12    Int: 19    God:    Cheibriados [*****.]
Gold:   522        SH:  0    Dex: 27    Spells: 8/8 levels left

rFire   . . .      SeeInvis +    a - +1 long sword (heavy)
rCold   . . .      Faith    .    (no shield)
rNeg    + . .      Spirit   .    r - +2 robe {Will+}
rPois   +          Reflect  .    c - +0 helmet
rElec   .          Harm     .    (no cloak)
rCorr   .          Rampage  .    s - +0 pair of gloves
Will    +++..                    j - +0 barding
Stlth   ++++                     (no amulet)
HPRegen 0.33/turn                v - ring of positive energy
MPRegen 0.11/turn                t - ring of willpower

@: weakened, very slow
A: AC +3, large, see invisible, deformed body, poison resistance, slowness 2,
spit poison 1, naga tail 1
a: Spit Poison, Renounce Religion, Bend Time, Temporal Distortion, Slouch, Step
From Time


You were on level 8 of the Dungeon.
You worshipped Cheibriados.
Cheibriados was extremely pleased with you.
You visited 1 branch of the dungeon, and saw 8 of its levels.

You collected 522 gold pieces.

Inventory:

Hand Weapons
 a - a +1 heavy long sword (weapon)
Missiles
 e - a javelin
 A - 5 datura-tipped darts
 F - 2 poisoned darts
Armour
 c - a +0 helmet (worn)
 i - a +0 pair of gloves
 j - a +0 barding (worn)
 r - a +2 robe of willpower (worn)
 s - a +0 pair of gloves (worn)
Jewellery
 t - a ring of willpower (right hand)
 v - a ring of positive energy (left hand)
Wands
 n - a wand of polymorph (13)
 q - a wand of roots (11)
 w - a wand of paralysis (7) (quivered)
 D - a wand of flame (13)
Scrolls
 d - 3 scrolls of teleportation
 g - a scroll of poison
 k - 2 scrolls of enchant weapon
 y - a scroll of immolation {unknown}
 C - a scroll of silence {unknown}
 E - a scroll of fear
 G - a scroll of torment {unknown}
Potions
 b - 4 potions of heal wounds
 f - a potion of berserk rage {unknown}
 h - a potion of brilliance
 l - 2 potions of might {unknown}
 m - 2 potions of ambrosia
 o - a potion of attraction
 p - a potion of flight {unknown}
 u - a potion of lignification {unknown}
 x - 2 potions of curing {unknown}
 z - a potion of haste {unknown}
 B - a potion of mutation {unknown}


   Skills:
 + Level 5.4 Fighting
 * Level 7.0 Long Blades
 + Level 5.0 Throwing
 + Level 4.1 Armour
 + Level 5.1 Dodging
 + Level 7.8 Stealth


You had 8 spell levels left.
You didn't know any spells.
Your spell library contained the following spells:

 Spells                   Type           Power      Damage    Failure   Level
 Sandblast                Erth           0%         2d4       21%         1
 Slow                     Hex            0%         N/A       21%         1
 Passwall                 Tmut/Erth      0%         N/A       30%         2
 Confusing Touch          Hex            0%         N/A       52%         3
 Dazzling Flash           Conj/Hex       0%         N/A       52%         3
 Stone Arrow              Conj/Erth      0%         3d7       52%         3
 Vampiric Draining        Necr           0%         2d6       52%         3
 Anguish                  Hex/Necr       0%         N/A       90%         4
 Cause Fear               Hex            0%         N/A       90%         4
 Summon Ice Beast         Ice/Summ       0%         N/A       90%         4
 Alistair's Intoxication  Tmut/Pois      0%         N/A       99%         5
 Borgnjor's Vile Clutch   Necr/Erth      0%         N/A       99%         5
 Eringya's Noxious Bog    Tmut/Pois      0%         N/A       100%        6


Dungeon Overview and Level Annotations

Branches:
Dungeon (8/15)             Temple (0/1) D:7
   Lair: D:8-11

Altars:
Cheibriados
Gozag
Hepliaklqana
Kikubaaqudgha
Qazlal
Uskayaw
Zin


Innate Abilities, Weirdness & Mutations

Your serpentine skin is tough. (AC +3)
You have supernaturally acute eyesight. (SInv)
Armour fits poorly on your strangely shaped body.
Your system is resistant to poisons. (rPois)
You cover ground very slowly.
You can spit poison.
You have a snake-like lower body.


Message History

HP restored.
You now have 522 gold pieces (gained 13).
Things that are here:
a +0 club; a +0 chain mail Done exploring.
Done exploring.
There is a stone staircase leading down here.
You climb downwards.
There is a stone staircase leading up here. 3 gnolls come into view.
A gnoll bouda comes into view. It is wielding a +0 whip.
The helpless gnoll fails to defend itself.
You slice the gnoll!!
You kill the gnoll!
Cheibriados thoroughly appreciates the change of pace.
Things that are here:
a +0 spear; a gnoll corpse The helpless two-headed ogre fails to defend itself.
You slash the two-headed ogre!
The two-headed ogre is moderately wounded.
The two-headed ogre hits you with a +0 giant spiked club.
The two-headed ogre hits you with a +0 giant club!!
The two-headed ogre hits you with a +0 giant spiked club!
The two-headed ogre misses you.
You hear a shout!
The gnoll bouda shouts!
You slash the two-headed ogre!
The two-headed ogre is heavily wounded.
You hear a shout!
The gnoll completely misses you.
The two-headed ogre hits you with a +0 giant spiked club!!
The two-headed ogre misses you.
You hit the two-headed ogre.
The two-headed ogre is heavily wounded.
The gnoll barely misses you.
The gnoll bouda gazes fiercely through you!
You feel your attacks grow feeble.
The two-headed ogre hits you with a +0 giant spiked club!!
* * * LOW HITPOINT WARNING * * *
The two-headed ogre hits you with a +0 giant club!
You die...

.....#................#
.##...#.>...[.........
............. .
.........#.. .. #...<#
.# ... ###..##.#....
##........ #....g#...
##.@.#.... #.....gO#
..g .....###... ..
..... ...... ....
.##..# .... .. ..# ...
.. ... ... ..


You could see a two-headed ogre, a gnoll bouda and a gnoll.

Vanquished Creatures
  Joseph (D:7)
  A troll (D:6)
  Sigmund (D:4)
  A steam dragon (D:5)
  2 orc warriors
  A black bear (D:7)
  2 ogres
  A centaur (D:7)
  3 phantoms (D:5)
  2 necrophages (D:7)
  A gnoll sergeant (D:5)
  A scorpion (D:5)
  3 killer bees (D:7)
  2 howler monkeys (D:6)
  4 orc priests
  4 hounds
  3 jellies
  11 iguanas
  12 adders
  6 gnolls
  A shadow imp (D:6)
  2 white imps
  3 worms
  4 dart slugs
  29 orcs
  3 bats
  2 bat zombies (D:7)
  6 endoplasms
  5 giant cockroaches
  8 goblins
  6 hobgoblins
  4 jackals
  5 ball pythons
  A frilled lizard (D:2)
  3 kobolds
  3 rats
  A rat zombie (D:7)
148 creatures vanquished.

Notes
Turn   | Place    | Note
-------+----------+-------------------------------------------
     0 | D:1      | wormed the Naga Gladiator began the quest for the Orb.
     0 | D:1      | Reached XP level 1. HP: 19/19 MP: 1/1
     2 | D:1      | Noticed a felid
     2 | D:1      | Noticed a human
     4 | D:1      | Noticed a demigod
     6 | D:1      | Noticed an armataur
     6 | D:1      | Noticed a troll
     8 | D:1      | Noticed a vine stalker
     8 | D:1      | Noticed a formicid
    10 | D:1      | Noticed a demonspawn
    10 | D:1      | Noticed a tengu
    12 | D:1      | Noticed an elf
    12 | D:1      | Noticed a spriggan
    14 | D:1      | Noticed a draconian
    14 | D:1      | Noticed a gargoyle
    16 | D:1      | Noticed an octopode
    16 | D:1      | Noticed a naga
    18 | D:1      | Noticed an ogre
    18 | D:1      | Noticed a minotaur
    20 | D:1      | Noticed a ghoul
    22 | D:1      | Noticed a meteoran
    24 | D:1      | Noticed a vampire
    24 | D:1      | Noticed a spriggan
    26 | D:1      | Noticed a vine stalker
    26 | D:1      | Noticed a formicid
   785 | D:2      | Found a snail-covered altar of Cheibriados.
   793 | D:2      | Became a worshipper of Cheibriados the Contemplative
   799 | D:2      | Reached XP level 2. HP: 21/26 MP: 2/2
   804 | D:2      | Reached skill level 1 in Stealth
  1021 | D:2      | Reached XP level 3. HP: 26/32 MP: 3/3
  1258 | D:2      | Reached * piety under Cheibriados
  1259 | D:2      | Reached skill level 1 in Armour
  1584 | D:2      | Reached XP level 4. HP: 40/40 MP: 4/4
  1983 | D:3      | Found a hazy altar of Hepliaklqana.
  1984 | D:3      | Found a glowing silver altar of Zin.
  1985 | D:3      | Found a hide-covered altar of Uskayaw.
  1986 | D:3      | Found a stormy altar of Qazlal.
  2457 | D:4      | Reached XP level 5. HP: 39/46 MP: 5/5
  2461 | D:4      | Reached ** piety under Cheibriados
  2957 | D:4      | Reached XP level 6. HP: 52/55 MP: 6/6
  3118 | D:4      | Noticed Sigmund
  3484 | D:4      | Killed Sigmund
  3485 | D:4      | Reached XP level 7. HP: 61/62 MP: 7/7
  3540 | D:5      | Entered Level 5 of the Dungeon
  3563 | D:5      | Noticed a steam dragon
  3574 | D:5      | Killed a steam dragon
  3797 | D:4      | Reached *** piety under Cheibriados
  4295 | D:5      | Reached skill level 5 in Stealth
  4502 | D:5      | Reached XP level 8. HP: 32/72 MP: 8/8
  5057 | D:5      | Reached skill level 5 in Long Blades
  5260 | D:5      | Reached **** piety under Cheibriados
  5723 | D:6      | Got the Almanac of Star-crossed Algor
  5894 | D:6      | Noticed a troll
  5906 | D:6      | Killed a troll
  5907 | D:6      | Reached XP level 9. HP: 26/80 MP: 9/9
  7153 | D:7      | Found an opulent altar of Gozag.
  7165 | D:7      | Reached skill level 5 in Fighting
  7312 | D:7      | Noticed Joseph
  7313 | D:7      | Found a staircase to the Ecumenical Temple.
  7330 | D:7      | Killed Joseph
  7331 | D:7      | Reached skill level 5 in Dodging
  7685 | D:7      | Found an ancient bone altar of Kikubaaqudgha.
  7738 | D:8      | Reached ***** piety under Cheibriados
  7746 | D:7      | Reached skill level 5 in Throwing
  7867 | D:8      | Noticed a two-headed ogre
  7875 | D:8      | Slain by a two-headed ogre

Illustrated notes

Levels and vault maps discovered:
D:1:      kb_arrival_jail, layout_basic, nrook_loot_triangle
D:2:      layout_basic, basic_altar
D:3:      layout_basic, mainiacjoe_overflow_alcove_3
D:4:      layout_cave_pods, uniq_sigmund
D:5:      layout_cave_pools, nzn_random_ring
D:6:      layout_basic, grunt_ministairs_11, skrybe_limestone_x,
          amcnicky_mini_pool_small, nicolae_water_bricks, dk_noncrumbling_2
D:7:      layout_rooms, nicolae_gozag_seed_capital,
          lemuel_zombie_altar_kikubaaqudgha,
          minmay_temple_entry_drinking_statues, feat_on_display, uniq_joseph
D:8:      layout_cave_pools, special_room [special_room_orc],
          grunt_decor_junction, dilly_guarded_unrand_devastator

Skill      XL: |  1  2  3  4  5  6  7  8  9 |
---------------+----------------------------+-----
Stealth        | 1 2 3 4 5 6 7 |  7.8
Throwing       | 2 3 4 5 |  5.0
Armour         | 1 2 3 4 |  4.1
Dodging        | 3 4 5 |  5.1
Fighting       | 3 4 5 |  5.4
Long Blades    | 4 6 7 |  7.0

Action                   |  1- 3 |  4- 6 |  7- 9 || total
-------------------------+-------+-------+-------++-------
Melee: Long sword        |   112 |   159 |   255 ||   526
       Punch             |     2 |       |     4 ||     6
Throw: Throwing net      |       |     1 |     3 ||     4
       Javelin           |       |       |     1 ||     1
Invok: Bend Time         |       |     1 |       ||     1
Evoke: Wand              |       |       |    19 ||    19
  Use: Scroll            |       |    12 |     2 ||    14
       Potion            |       |     2 |     2 ||     4
 Stab: Held in net/web   |       |     2 |     2 ||     4
       Sleeping          |       |       |    16 ||    16
       Distracted        |       |       |     1 ||     1
       Paralysed         |       |       |     2 ||     2
Armor: Scale mail        |   127 |   130 |       ||   257
       Leather armour    |     6 |       |       ||     6
       Robe              |       |       |   217 ||   217
Dodge: Dodged            |    70 |    78 |   240 ||   388

Table legend: (Time is in decaauts)
 A = Elapsed time spent in this place.
 B = Non-inter-level travel time spent in this place.
 C = Inter-level travel time spent in this place.
 D = Time resting spent in this place.
 E = Time spent auto-exploring this place.
 F = Levels seen in this place.
 G = Mean time per level.
                   A        B        C        D        E       F      G
               +--------+--------+--------+--------+--------+-----+--------+
         Total |  13566 |  11921 |   1645 |      0 |  10000 |   8 | 1695.8 |
       Dungeon |  13566 |  11921 |   1645 |      0 |  10000 |   8 | 1695.8 |
               +--------+--------+--------+--------+--------+-----+--------+

Top non-repeatable levels by time:
     D:4: 3307 daAuts
     D:6: 2866 daAuts
     D:5: 2058 daAuts
     D:2: 1616 daAuts
     D:7: 1359 daAuts
     D:3: 1153 daAuts
     D:1: 1130 daAuts
     D:8: 73 daAuts
